 Dungeon Crawl Stone Soup version 0.24.1-11-gbbbb2193e6 (webtiles) character file.

Game seed: 6194221701775002190, levelgen mode: deterministic

128 Hugehornet the Insei (level 5, -6/33 HPs)
             Began as an Octopode Transmuter on May 10, 2020.
             Killed from afar by an orc wizard (8 damage)
             ... with a puff of flame
             ... on level 3 of the Dungeon.
             The game lasted 00:04:03 (2755 turns).

Hugehornet the Insei (Octopode Transmuter)          Turns: 2755, Time: 00:04:04

Health: -6/33      AC:  2    Str:  9    XL:     5   Next: 12%
Magic:  5/9        EV: 19    Int: 17    God:
Gold:   123        SH:  0    Dex: 17    Spells: 0/10 levels left

rFire    . . .     SeeInvis .     - Unarmed
rCold    . . .     Gourm    .   (shield currently unavailable)
rNeg     . . .     Faith    .   (helmet currently unavailable)
rPois    x         Spirit   .   (no amulet)
rElec    .         Reflect  .   f - ring of protection from magic
rCorr    .         Harm     .   (no ring)
MR       +....                  (no ring)
Stlth    ++........             (no ring)
HPRegen  0.11/turn              (no ring)
MPRegen  0.11/turn              (no ring)
                                (no ring)
                                (no ring)

@: spider-form, flying
A: tiny, almost no armour, stealthy swim, (amphibious), 8 rings, (constrict 8)
a: End Transformation


You were on level 3 of the Dungeon.
You were not hungry.
You were a venomous arachnid creature.
You visited 1 branch of the dungeon, and saw 3 of its levels.

You collected 123 gold pieces.

Inventory:

Missiles
 a - 12 arrows
Jewellery
 f - a ring of protection from magic (left front leg)
Scrolls
 b - a scroll of fog {unknown}
 d - 2 scrolls of identify {unknown}
 e - a scroll of random uselessness {unknown}
 i - a scroll of blinking {unknown}
Comestibles
 c - 6 rations
 g - 5 chunks of flesh


   Skills:
 - Level 1.0 Fighting
 - Level 2.0 Dodging
 + Level 3.4 Unarmed Combat
 + Level 3.0 Spellcasting
 * Level 3.0 Transmutations
 * Level 0.3 Ice Magic
 * Level 2.8 Poison Magic


You couldn't memorise any spells.
You knew the following spells:

 Your Spells              Type           Power        Failure   Level  Hunger
a - Beastly Appendage     Tmut           ##....       14%         1    None
b - Sticks to Snakes      Tmut           ##......     21%         2    ##.....
c - Spider Form           Tmut/Pois      ##........   34%         3    ###....
d - Ice Form              Ice/Tmut       #.......     83%         4    ####...

Your spell library contained the following spells:

 Spells                   Type           Power        Failure   Level  Hunger
 Blade Hands              Tmut           ##........   92%         5    ######.


Dungeon Overview and Level Annotations

Branches:
Dungeon (3/15)

Altars:
Fedhas
Qazlal
Yredelemnul


Innate Abilities, Weirdness & Mutations

You cannot wear most types of armour.
You are very stealthy in the water. (Stealth+)
((You are amphibious.))
You can wear up to eight rings at the same time.
((You can use your tentacles to constrict eight enemies at once.))
((Your skin changes colour to match your surroundings (Stealth+).))
((Your rubbery body absorbs attacks. (AC +1, EV +1)))


Message History

You tentacle-slap the orc but do no damage.
Your grab misses the orc.
You tentacle-slap the orc, but do no damage.
The orc misses you. The orc hits you. Something hits you.
Casting: Spider Form (safe; 16% risk of failure)
Confirm with . or Enter, or press ? or * to list all spells.
You turn into a venomous arachnid creature.
You kill the orc!
The orc misses you.
You hear some strange, mumbled words.
A magic dart appears from out of thin air!
The magic dart hits you!
* * * LOW HITPOINT WARNING * * *
It was a potion of flight.
You feel very buoyant.
You fly up into the air.
The orc closely misses you.
You hear some strange, mumbled words.
A puff of flame appears from out of thin air!
The puff of flame hits you!
You die...

..# ..... ##.##.....
<......=. ...$...
######.##.# ###.........#
h #...........##... ###
#.............oo. ..#
#...so......##### ..#
#..##{##..s## ..#
#.##..s####....
..#############...†.##
.##..
..'.....^....#.......#...
..########......._.....#..
### #...#.......#...s.
#...##.....##......
#...###...## ?.#


You could see an orc and 2 giant cockroaches.

Vanquished Creatures
  4 gnolls (D:2)
  An adder (D:2)
  A worm (D:3)
  2 dart slugs
  3 leopard geckos
  2 orcs (D:3)
  6 bats
  4 giant cockroaches
  4 goblins
  14 hobgoblins
  7 jackals (D:3)
  6 kobolds
  A ball python (D:3)
  4 frilled lizards
  5 rats
64 creatures vanquished.

Notes
Turn   | Place    | Note
-------+----------+-------------------------------------------
     0 | D:1      | Hugehornet the Octopode Transmuter began the quest for the
                  | Orb.
     0 | D:1      | Reached XP level 1. HP: 13/13 MP: 3/3
   220 | D:1      | Reached XP level 2. HP: 18/18 MP: 3/5
   224 | D:1      | Learned a level 2 spell: Sticks to Snakes
   703 | D:1      | Reached XP level 3. HP: 23/23 MP: 3/6
  1316 | D:1      | Learned a level 3 spell: Spider Form
  1696 | D:2      | Reached skill level 1 in Poison Magic
  1818 | D:2      | Reached XP level 4. HP: 23/28 MP: 4/8
  2122 | D:2      | Found a blossoming altar of Fedhas.
  2122 | D:2      | Found a basalt altar of Yredelemnul.
  2690 | D:3      | Found a stormy altar of Qazlal.
  2704 | D:3      | Reached XP level 5. HP: 33/33 MP: 7/9
  2710 | D:3      | Learned a level 4 spell: Ice Form
  2755 | D:3      | Killed from afar by an orc wizard

Levels and vault maps discovered:
D:1:      lemuel_arrival_hallway, layout_basic
D:2:      layout_basic, chequers_temple_overflow_statue_of_worship, st_stairs_7,
          minmay_misc_feat_secret_circle
D:3:      minmay_inner_zag, layout_basic, lemuel_round_altar

Skill      XL: |  1  2  3  4 |
---------------+-------------+-----
Transmutations | 3 |  3.0
Poison Magic   | 1 2 |  2.8
Spellcasting   | 3 |  3.0
Fighting       | |  1.0
Dodging        | |  2.0
Unarmed Combat | |  3.4
Ice Magic      | |  0.3

Action                   |  1- 3 |  4- 6 || total
-------------------------+-------+-------++-------
Melee: Unarmed           |    74 |    63 ||   137
       Constrict         |    24 |    10 ||    34
       Kick              |    16 |     4 ||    20
       Tentacles         |    10 |     4 ||    14
       Punch             |     2 |     2 ||     4
 Cast: Beastly Appendage |    20 |    11 ||    31
       Spider Form       |     1 |     2 ||     3
  Use: Potion            |       |     1 ||     1
 Stab: Sleeping          |     2 |     2 ||     4
  Eat: Chunk             |     3 |     3 ||     6
Armor: Skin              |     3 |     7 ||    10
Dodge: Dodged            |    29 |    71 ||   100
